 Dungeon Crawl Stone Soup version 0.30.1-3-gfc49f6343a (webtiles) character file.

Game seed: 1102556000008204983

21 Kraken2834 the Trooper (level 2, 26/26 HPs)
             Began as a Draconian Berserker on July 30, 2023.
             Was a Follower of Trog.
             Quit the game on level 1 of the Dungeon.
             The game lasted 00:01:26 (667 turns).

Kraken2834 the Trooper (Draconian Berserker)         Turns: 667, Time: 00:01:27

Health: 26/26      AC:  4    Str: 19    XL:     2   Next: 62%
Magic:  2/2        EV: 12    Int:  7    God:    Trog [*.....]
Gold:   58         SH:  0    Dex: 10    Spells: 1/1 levels left

rFire   . . .        a - +0 hand axe
rCold   . . .        (no shield)
rNeg    . . .        (body armour unavailable)
rPois   .            (helmet restricted)
rElec   .            (no cloak)
rCorr   .            (no gloves)
SInv    .            (no boots)
Will    .....        (no amulet)
Stlth   +            (no ring)
HPRegen 0.24/turn    (no ring)
MPRegen 0.08/turn

%: no passive effects
@: no status effects
A: AC +4, unfitting armour, cold-blooded
a: Renounce Religion, Berserk


You were on level 1 of the Dungeon.
You worshipped Trog.
Trog was aware of your devotion.
You visited 1 branch of the dungeon, and saw 1 of its levels.

You collected 58 gold pieces.

Inventory:

Hand Weapons
 a - a +0 hand axe (weapon)
Scrolls
 b - a scroll of noise {unknown}
 d - 2 scrolls of teleportation {unknown}
 e - 3 scrolls of identify {unknown}
 f - a scroll of fog {unknown}
Potions
 c - a potion of resistance {unknown}


   Skills:
 + Level 3.5 Fighting
 + Level 3.4 Axes
 + Level 3.0 Dodging
 + Level 0.2 Stealth


You had one spell level left.
You didn't know any spells.
Your spell library was empty.

Dungeon Overview and Level Annotations

Branches:
Dungeon (1/15)

Altars:


Innate Abilities, Weirdness & Mutations

Your plain brown scales are hard. (AC +4)
You cannot fit into any form of body armour.
You are cold-blooded and may be slowed by cold attacks.


Message History

A giant cockroach comes into view.
A giant cockroach is nearby!
You slash the giant cockroach!
You kill the giant cockroach!
Trog accepts your kill.
You see here a giant cockroach corpse.
f - a scroll labelled GETIQE ORHO
d - 2 scrolls labelled GEFFAT TOFI (gained 1)
e - 3 scrolls labelled XIXTEI ZUNGE (gained 1)
You see here a giant cockroach corpse.
You open the door.
There is an open door here.
There is an open door here.
As you open the door, it creaks loudly!
There is an open door here.
A goblin comes into view. It is wielding a +0 dagger.
The goblin shouts!
You barely miss the goblin. The goblin hits you but does no damage.
You hit the goblin.
You kill the goblin!
Trog accepts your kill.
Things that are here:
a +0 dagger; a goblin corpse
Things that are here:
a +0 dagger; a goblin corpse
There is an open door here.
There is a stone staircase leading down here.
A goblin comes into view. It is wielding a +0 club.
The goblin shouts!
You closely miss the goblin. The goblin closely misses you. x2
You closely miss the goblin. The goblin barely misses you.
You closely miss the goblin. You tail-slap the goblin.
You kill the goblin!
Trog accepts your kill.
Things that are here:
a +0 club; a goblin corpse Welcome back, Kraken2834 the Draconian Berserker.
Trog says: Kill them all!
Press ? for a list of commands and other information.
Are you sure you want to abandon this character and quit the game? (Confirm with "yes".)

)).##.#.............######
...##.#.....>.......#
...##.#.............#
...##.#.............#
...##.#.............#
....#.#.#'#..###########
....#.#...#.............
....#.#.###..###)....###
....#.#.....####@.......
....#.#.##.....#........
...##.#.###....#........
...>....###....#........
#####.###...##.#........
#.##.#..# .#........
#.##.##....#........ ##
#.#.#########....... .#
#.##.######


There were no monsters in sight!

Vanquished Creatures
  A dart slug (D:1)
  2 endoplasms (D:1)
  A giant cockroach (D:1)
  6 goblins (D:1)
  2 hobgoblins (D:1)
  2 quokkas (D:1)
  A bat (D:1)
15 creatures vanquished.

Notes
Turn   | Place    | Note
-------+----------+-------------------------------------------
     0 | D:1      | Kraken2834 the Draconian Berserker began the quest for the
                  | Orb.
     0 | D:1      | Reached XP level 1. HP: 19/19 MP: 1/1
   210 | D:1      | Reached XP level 2. HP: 20/26 MP: 2/2
   667 | D:1      | Quit the game

Illustrated notes

Levels and vault maps discovered:
D:1:      amcnicky_arrival_gap_in_the_tavern_cellar, layout_basic

Skill      XL: |  1  2 |
---------------+-------+-----
Dodging        | 3 |  3.0
Fighting       | |  3.5
Axes           | |  3.4
Stealth        | |  0.2

Action                     || total
---------------------------++-------
  Melee: Hand axe          ||    62
         Tailslap          ||     5
         Punch             ||     1
 Armour: Skin              ||    19
  Dodge: Dodged            ||    29
